 Dungeon Crawl Stone Soup version 0.31.0-9-g3a7656b989 (webtiles) character file.

Game seed: 298233729492104377

67 qw the Shooter (level 3, 0/29 HPs)
             Began as a Demigod Hunter on Feb 2, 2024.
             Slain by a goblin
             ... wielding a +0 club
             ... led by Robin
              (2 damage)
             ... on level 3 of the Dungeon.
             The game lasted 00:00:06 (1268 turns).

qw the Shooter (Demigod Hunter)                     Turns: 1268, Time: 00:00:06

Health: 0/29       AC:  5    Str: 12    XL:     3   Next: 72%
Magic:  5/5        EV:  8    Int: 11    God:
Gold:   30         SH:  0    Dex: 21    Spells: 2/2 levels left

rFire   . . .        a - +1 shortbow
rCold   . . .        (shield currently unavailable)
rNeg    . . .        d - +0 ring mail
rPois   .            (no helmet)
rElec   .            (no cloak)
rCorr   .            (no gloves)
SInv    .            (no boots)
Will    .....        (no amulet)
Stlth   +            (no ring)
HPRegen 0.24/turn    (no ring)
MPRegen 0.09/turn

%: no passive effects
@: about to teleport, constricted
A: high MP 1, forlorn, divine attributes
a: no special abilities


You were on level 3 of the Dungeon.
You visited 1 branch of the dungeon, and saw 3 of its levels.

You collected 30 gold pieces.


Innate Abilities, Weirdness & Mutations

You have an increased reservoir of magic. (+10% MP)
You shall have no god before yourself.
Your divine heritage dramatically boosts your attributes as you level up.


   Skills:
 - Level 2.0 Fighting
 - Level 5.0 Ranged Weapons
 + Level 1.8 Dodging
 - Level 0.8 Stealth


You had 2 spell levels left.
You didn't know any spells.
Your spell library was empty.

Inventory:

Hand Weapons
 a - a +1 shortbow (weapon)
Armour
 d - a +0 ring mail (worn)
Scrolls
 c - a scroll of blinking {unknown}
 h - a scroll of teleportation
Potions
 b - a potion of brilliance {unknown}
 f - 2 potions of degeneration {unknown}
 i - a potion of curing

Dungeon Overview and Level Annotations

Branches:
Dungeon (3/15)

Annotations:
D:3 Robin


Message History

The arrow hits the goblin.
The goblin is severely wounded.
A goblin comes into view. It is wielding a +0 dagger.
The goblin hits you but does no damage. Robin throws the goblin at you!
A ball python comes into view.
The goblin shouts!
You shoot an arrow. The arrow closely misses the goblin.
A goblin comes into view. It is wielding a +0 club.
The goblin closely misses you. x2
You shoot an arrow. The arrow barely misses the goblin.
The goblin barely misses you. The goblin closely misses you.
Robin laughs in a distinctly smug fashion.
A goblin comes into view. It is wielding a +0 dagger. x2
The goblin hits you but does no damage. The goblin hits you with a +0 club.
You shoot an arrow. The arrow barely misses the goblin.
The goblin hits you but does no damage. The goblin hits you with a +0 club.
You shoot an arrow. The arrow hits the goblin.
You kill the goblin!
The goblin hits you but does no damage.
Robin says, "Bow before me, strongest of all the hobgoblins!"
Robin throws the goblin at you! The goblin hits you but does no damage.
You shoot an arrow. The arrow barely misses the goblin.
The goblin hits you with a +0 club. Robin throws the goblin at you!
The goblin hits you with a +0 club. The goblin barely misses you.
The goblin completely misses you. The goblin closely misses you.
The goblin hits you with a +0 dagger. The goblin barely misses you.
You shoot an arrow. The arrow closely misses the goblin.
The ball python bites you but does no damage.
The ball python barely misses you. The goblin hits you with a +0 club.
The goblin closely misses you. The goblin barely misses you.
The goblin hits you with a +0 dagger. The ball python bites you.
The ball python grabs you. The ball python constricts you.
1268 ||| READING 2 scrolls of teleportation.
As you read the scroll of teleportation, it crumbles to dust.
You feel strangely unstable. The goblin hits you with a +0 club.
The ball python bites you but does no damage.
The ball python constricts you. The goblin barely misses you.
The goblin hits you with a +0 club.
You die...

...........## #.#
.....##.##...## #.#
#..#..#.#..#..# #.# #
#..##%....##..# #.#
#.##......_[.....####.#
#.....##.....##...)...#
#...#..#.#..#..######
#.gg##.##...##
##@g.......##
##gS.###.### #g.####..#
#.g.## #. # +.... .
##)## #.. ... g)..


You could see Robin, a hobgoblin (strong), 4 goblins and a ball python.

Vanquished Creatures
  An adder (D:2)
  2 dart slugs (D:1)
  A ribbon worm (D:3)
  A ball python (D:1)
  9 bats
  2 endoplasms
  2 giant cockroaches
  8 goblins
  11 hobgoblins
  2 jackals (D:1)
  2 frilled lizards (D:1)
  2 kobolds
  2 rats
45 creatures vanquished.

Notes
Turn   | Place    | Note
-------+----------+-------------------------------------------
     0 | D:1      | qw the Demigod Hunter began the quest for the Orb.
     0 | D:1      | Reached XP level 1. HP: 17/17 MP: 3/3
     0 | D:1      | 0 ||| qw: Version: 0.3-a-155-g5e7d8dd
     0 | D:1      | 0 ||| qw: Game counter: 479
     0 | D:1      | 0 ||| qw: Melee chars always use a shield: true
     0 | D:1      | 0 ||| qw: God list: Okawaru
     0 | D:1      | 0 ||| qw: Allow faded altars: false
     0 | D:1      | 0 ||| qw: Do Orc after clearing Dungeon:15 true
     0 | D:1      | 0 ||| qw: Do second Lair branch before Depths: true
     0 | D:1      | 0 ||| qw: Lair rune preference: random
     0 | D:1      | 0 ||| qw: Goals: Normal
     0 | D:1      | 0 ||| PLANNING D:1-11
   275 | D:1      | 275 ||| RETREEEEATING.
   276 | D:1      | 276 ||| RETREEEEATING.
   279 | D:1      | Reached skill level 4 in Ranged Weapons
   288 | D:1      | Reached XP level 2. HP: 19/24 MP: 4/4
   686 | D:1      | 686 ||| UPGRADING to +0 ring mail.
   696 | D:1      | 696 ||| DROPPING +0 leather armour.
   697 | D:1      | 697 ||| DROPPING amulet of magic regeneration.
   698 | D:1      | 698 ||| READING 2 scrolls labelled OSTRYMEYNLAMUY.
   699 | D:1      | 699 ||| READING scroll labelled PETAF VUBU.
   704 | D:1      | 704 ||| READING scroll labelled GASONY RENLUUST.
   705 | D:1      | 705 ||| DROPPING scroll of butterflies.
   706 | D:1      | 706 ||| DROPPING scroll of immolation.
   860 | D:2      | Reached XP level 3. HP: 29/29 MP: 5/5
  1112 | D:2      | 1112 ||| DROPPING +6 ring of intelligence.
  1113 | D:2      | 1113 ||| READING 2 scrolls labelled VUATTUNERET.
  1114 | D:2      | 1114 ||| READING scroll labelled HEUKEL ISSURO.
  1114 | D:2      | 1114 ||| ENCHANTING +0 shortbow.
  1115 | D:2      | 1115 ||| READING scroll labelled RUPSOTAYPS.
  1115 | D:2      | 1115 ||| IDENTIFYING fizzy inky potion
  1116 | D:2      | 1116 ||| DRINKING 2 fizzy amethyst potions.
  1117 | D:2      | 1117 ||| DROPPING potion of lignification.
  1118 | D:2      | 1118 ||| DROPPING scroll of noise.
  1254 | D:3      | Noticed Robin
  1255 | D:3      | 1255 ||| FLEEEEING.
  1256 | D:3      | 1256 ||| FLEEEEING.
  1258 | D:3      | Reached skill level 5 in Ranged Weapons
  1267 | D:3      | HP: 7/29 [goblin/+0 dagger[Robin] (1)]
  1268 | D:3      | 1268 ||| READING 2 scrolls of teleportation.
  1268 | D:3      | HP: 3/29 [goblin/+0 club[Robin] (3)]
  1268 | D:3      | Slain by a goblin

Levels and vault maps discovered:
D:1:      minmay_arrival_glassed_features, layout_loops_ring,
          hangedman_decor_opposing, dreamdust_princess_bridge
D:2:      layout_rooms
D:3:      layout_basic, tso_metal_star, mainiacjoe_overflow_small_starburst,
          uniq_robin

Skill      XL: |  1  2  3 |
---------------+----------+-----
Ranged Weapons | 4 5 |  5.0
Fighting       | 2 |  2.0
Dodging        | |  1.8
Stealth        | |  0.8

Action                     || total
---------------------------++-------
   Fire: Shortbow          ||   140
    Use: Scroll            ||     7
         Potion            ||     1
 Armour: Leather armour    ||    12
         Ring mail         ||    40
  Dodge: Dodged            ||    46

Table legend:
 A = Non-vault XP
 B = Vault XP
 C = Vault XP percentage of total XP
 D = Non-vault monster count
 E = Vault monster count
 F = Vault count percentage of total count
                 A         B        C        D         E       F
            +---------+---------+-------+---------+---------+-------
      Total |      86 |      11 |  11.3 |      39 |       6 |  13.3
            +---------+---------+-------+---------+---------+-------
        D:1 |      34 |       0 |   0.0 |      17 |       0 |   0.0
        D:2 |      41 |       0 |   0.0 |      17 |       0 |   0.0
        D:3 |      11 |      11 |  50.0 |       5 |       6 |  54.5
            +---------+---------+-------+---------+---------+-------
